 Dungeon Crawl Stone Soup version 0.29.1-2-gbd0b4ee654 (webtiles) character file.

Game seed: 15717912913591302734

7182 sanboga the Basher (level 10, -4/94 HPs)
             Began as a Minotaur Monk on Nov 20, 2022.
             Killed from afar by a wretched star (10 damage)
             ... with a lance of force
             ... on level 3 of the Abyss.
             The game lasted 00:13:36 (10337 turns).

sanboga the Basher (Minotaur Monk)                 Turns: 10337, Time: 00:13:37

Health: -4/94      AC: 14    Str: 19    XL:     10   Next: 86%
Magic:  9/9        EV:  7    Int:  3    God:
Gold:   479        SH:  0    Dex: 14    Spells: 9/9 levels left

rFire   . . .      SeeInvis .   k - +5 great mace (drain)
rCold   . . .      Faith    .   (shield currently unavailable)
rNeg    . . .      Spirit   .   a - +0 plate armour
rPois   .          Reflect  .   (helmet restricted)
rElec   .          Harm     .   (no cloak)
rCorr   .          Rampage  .   (no gloves)
Will    .....                   (no boots)
Stlth   ..........              (no amulet)
HPRegen 0.25/turn               (no ring)
MPRegen 0.11/turn               (no ring)

@: unable to drink
A: horns 2, retaliatory headbutt, [dopey 2], [inability to drink after injury 2]
a: no special abilities


You were on level 3 of the Abyss.
You visited 2 branches of the dungeon, and saw 11 of its levels.
You visited the Abyss 3 times.
You also visited: Sewer and Ossuary.

You collected 479 gold pieces.

Inventory:

Hand Weapons
 k - a +5 great mace of draining (weapon)
Armour
 a - a +0 plate armour (worn)
Jewellery
 u - a ring of fire
Wands
 b - a wand of paralysis (10)
 s - a wand of roots (14)
 v - a wand of polymorph (13)
 w - a wand of flame (15)
Scrolls
 e - 5 scrolls of identify
 f - 2 scrolls of silence
 h - 8 scrolls of teleportation
 j - a scroll of magic mapping
 n - a scroll of fear
 p - 3 scrolls of blinking
 q - 2 scrolls of fog
 t - a scroll of enchant armour
Potions
 c - 2 potions of ambrosia
 d - a potion of resistance
 g - 2 potions of cancellation
 i - a potion of mutation
 l - a potion of invisibility
 o - a potion of might
 r - 6 potions of curing


   Skills:
 + Level 10.7 Fighting
 * Level 14.4 Maces & Flails
 + Level 10.0 Armour
 - Level 3.2 Dodging
 - Level 1.5 Stealth


You had 9 spell levels left.
You didn't know any spells.
Your spell library contained the following spells:

 Spells                   Type           Power      Damage    Failure   Level
 Slow                     Hex            0%         N/A       100%        1
 Summon Small Mammal      Summ           0%         N/A       100%        1
 Scorch                   Fire           0%         2d5       100%        2
 Call Canine Familiar     Summ           0%         N/A       100%        3
 Confusing Touch          Hex            0%         N/A       100%        3
 Ozocubu's Armour         Ice            0%         N/A       100%        3
 Portal Projectile        Hex/Tloc       0%         N/A       100%        3
 Summon Guardian Golem    Hex/Summ       0%         N/A       100%        3
 Tukima's Dance           Hex            0%         N/A       100%        3
 Vampiric Draining        Necr           0%         2d6       100%        3
 Cause Fear               Hex            0%         N/A       100%        4
 Flame Wave               Conj/Fire      0%         2d4       100%        4
 Blade Hands              Tmut           0%         N/A       100%        5
 Summon Cactus Giant      Summ           0%         N/A       100%        6
 Ozocubu's Refrigeration  Ice            0%         4d7       100%        7
 Discord                  Hex            0%         N/A       100%        8


Dungeon Overview and Level Annotations

Branches:
Dungeon (11/15)            Temple (1/1) D:6           Sewer (visited)
Ossuary (visited)
   Lair: D:8-11         Orc: D:9-12

Altars:
Ashenzari
Cheibriados
Gozag
Kikubaaqudgha
Makhleb
Okawaru
Qazlal
Ru
Sif Muna
Uskayaw
Vehumet
Wu Jian
Xom
Yredelemnul
Zin
The Shining One

Shops:
D:10 :


Innate Abilities, Weirdness & Mutations

You have a pair of horns on your head.
You reflexively headbutt those who attack you in melee.
[You are very dopey. (Int -4)]
[You sometimes lose the ability to drink potions when taking damage.]


Message History

No target in view!
No target in view!
A wretched star comes into view.
You bludgeon the glowing orange brain!!
The glowing orange brain is heavily wounded.
The glowing orange brain blinks!
You thump the glowing orange brain!
The glowing orange brain is severely wounded.
The wretched star pulses with an eldritch light!
You feel stupid. x2
The glowing orange brain pulsates.
Something tries to feed on your intellect!
You bludgeon the glowing orange brain!!
You kill the glowing orange brain!
Your Armour skill increases to level 10!
You closely miss the wretched star. Your headbutt misses the wretched star.
You bludgeon the wretched star!!
You headbutt the wretched star, but do no damage.
The wretched star is moderately damaged.
The wretched star glows turbulently.
The lance of force hits you!
You are knocked back by the lance of force.
You slam into the stone wall!
You are too injured to fight recklessly!
You are too injured to fight recklessly!
You are too injured to fight recklessly!
You feel better.
The wretched star pulses with an eldritch light!
You occasionally lose the ability to drink potions when taking damage.
You lose the ability to drink potions when taking damage more often.
The wretched star glows turbulently.
The lance of force hits you!!
You feel threatened and lose the ability to drink potions!
* * * LOW HITPOINT WARNING * * *
You are knocked back by the lance of force.
You slam into the stone wall!
* * * LOW HITPOINT WARNING * * *
The wretched star glows turbulently.
The lance of force hits you!
You die...

####...#..
.# ##.#.#
#. ...#
..... #....
.# ..
...###.#...
#ยง. ....##
.#.
###.##....
...#. .
##..#..#.#
.# # # #
.#....#.#..
.... ##
..##.*@.##
.###..
.....#...#
..# #.#
#...# .
#....# ...
###..# .#
.##. # ..
.#. # .


You could see a wretched star.

Vanquished Creatures
  A thrashing horror (Abyss:3)
  A glowing orange brain (Abyss:3)
  Pikel (D:4)
  An unseen horror zombie (D:7)
  A kobold demonologist (D:10)
  Grinder (D:5)
  A hornet (D:8)
  9 yaks
  A wraith (D:10)
  Edmund (D:4)
  An acid dragon (D:7)
  An ice beast (D:6)
  A black bear (D:7)
  3 orc warriors
  An ogre (D:6)
  A sky beast (D:7)
  A centaur (D:7)
  An elf zombie (Ossuary)
  3 bullfrogs
  2 necrophages
  A gnoll sergeant (D:5)
  2 scorpions
  6 wights
  An electric eel (D:6)
  4 centaur zombies
  A bullfrog zombie (D:7)
  2 human zombies
  A hound (D:3)
  3 jellies
  6 orc priests
  2 gnoll boudas
  2 iguanas (D:5)
  11 orc wizards
  A killer bee zombie (D:7)
  6 mummies
  15 gnolls
  A howler monkey zombie (D:7)
  10 adders
  6 river rats
  2 shadow imps
  2 white imps
  An ufetubus (Abyss:3)
  4 worms
  A dart slug (D:3)
  41 orcs
  12 ball pythons
  3 bats
  6 endoplasms
  14 giant cockroaches
  3 goblins (D:1)
  4 hobgoblins
  2 jackals (D:1)
  5 quokkas
  4 frilled lizards
  A goblin zombie (Ossuary)
  15 hobgoblin zombies
  3 kobolds
  13 kobold zombies
  4 orc zombies (Ossuary)
  12 rats
  2 rat zombies (Ossuary)
268 creatures vanquished.

Vanquished Creatures (others)
  2 demonic plants (Abyss:3)
  16 plants (D:5)
18 creatures vanquished.

Grand Total: 286 creatures vanquished

Notes
Turn   | Place    | Note
-------+----------+-------------------------------------------
     0 | D:1      | sanboga the Minotaur Monk began the quest for the Orb.
     0 | D:1      | Reached XP level 1. HP: 19/19 MP: 0/0
   193 | D:1      | Reached skill level 4 in Maces & Flails
   194 | D:1      | Reached XP level 2. HP: 25/27 MP: 1/1
   359 | D:1      | Reached skill level 1 in Armour
  1205 | D:2      | Reached XP level 3. HP: 24/33 MP: 2/2
  1308 | D:2      | Found a faded altar of an unknown god.
  1385 | D:2      | Found an ancient bone altar of Kikubaaqudgha.
  1847 | D:3      | Got Reopt's Exposition on Malediction
  1888 | D:3      | Found a shimmering blue altar of Sif Muna.
  1907 | D:3      | Reached XP level 4. HP: 40/40 MP: 3/3
  1935 | D:3      | Reached skill level 5 in Maces & Flails
  1946 | D:3      | Reached XP level 5. HP: 41/47 MP: 4/4
  2055 | D:3      | Found a glowing golden altar of the Shining One.
  2351 | D:4      | Found a glowing drain.
  2355 | Sewer    | Entered a sewer
  2540 | Sewer    | Reached skill level 6 in Maces & Flails
  2567 | Sewer    | Reached skill level 5 in Fighting
  2789 | Sewer    | Reached XP level 6. HP: 56/56 MP: 5/5
  2831 | Sewer    | Found a viscous altar of Jiyva.
  2979 | D:4      | Noticed Edmund
  2992 | D:4      | Killed Edmund
  2993 | D:4      | Reached skill level 7 in Maces & Flails
  3273 | D:4      | Found a burning altar of Makhleb.
  3285 | D:4      | Reached XP level 7. HP: 27/61 MP: 6/6
  3744 | D:4      | Noticed Pikel
  3760 | D:4      | Killed Pikel
  3761 | D:4      | Reached skill level 8 in Maces & Flails
  3761 | D:4      | Reached skill level 5 in Armour
  4221 | D:5      | Entered Level 5 of the Dungeon
  4334 | D:5      | Reached XP level 8. HP: 66/71 MP: 7/7
  4424 | D:5      | Reached skill level 9 in Maces & Flails
  5012 | D:5      | Noticed Grinder
  5021 | D:5      | Killed Grinder
  5302 | D:5      | Reached skill level 10 in Maces & Flails
  5903 | D:6      | Identified a scroll of acquirement
  5903 | D:6      | Acquired a +2 great mace of draining
  6094 | D:6      | Found a glowing silver altar of Zin.
  6133 | D:6      | Reached XP level 9. HP: 81/81 MP: 8/8
  6387 | D:6      | Found a staircase to the Ecumenical Temple.
  6408 | D:6      | Found a broken altar of Ashenzari.
  6486 | Temple   | Entered the Ecumenical Temple
  6926 | D:7      | Reached skill level 11 in Maces & Flails
  7026 | D:7      | Found a basalt altar of Yredelemnul.
  7176 | D:7      | Found a radiant altar of Vehumet.
  7329 | D:7      | Found a shimmering altar of Xom.
  7333 | D:7      | Reached skill level 12 in Maces & Flails
  7975 | D:8      | Found a sand-covered staircase.
  7982 | Ossuary  | Entered an ossuary
  8599 | D:8      | Reached XP level 10. HP: 60/84 MP: 9/9
  8812 | D:8      | Reached skill level 13 in Maces & Flails
  8999 | D:8      | Paralysed by a hornet for 2 turns
  9290 | D:8      | You fall into a shaft and drop 3 floors!
  9330 | D:10     | Entered Level 10 of the Dungeon
  9377 | D:10     | Found Guenwan's Book Shoppe.
  9486 | D:10     | Reached skill level 10 in Fighting
  9491 | Abyss:2  | Cast into level 2 of the Abyss (orc warrior)
  9573 | Abyss:3  | Noticed a large abomination
  9609 | Abyss:3  | Found a corrupted altar of Lugonu.
  9630 | Abyss:3  | Became a worshipper of Lugonu the Unformed
  9630 | Abyss:3  | Reached * piety under Lugonu
  9630 | Abyss:3  | Reached ** piety under Lugonu
  9631 | D:10     | Escaped the Abyss
  9979 | D:10     | Fell from the grace of Lugonu
 10122 | Abyss:3  | Cast into level 3 of the Abyss (orc warrior)
 10143 | D:10     | Escaped the Abyss
 10266 | D:10     | Noticed a thrashing horror
 10266 | Abyss:3  | Cast into level 3 of the Abyss (Lugonu's touch)
 10317 | Abyss:3  | Noticed a thrashing horror
 10320 | Abyss:3  | Noticed a glowing orange brain
 10324 | Abyss:3  | Killed a thrashing horror
 10325 | Abyss:3  | Reached skill level 14 in Maces & Flails
 10327 | Abyss:3  | Noticed a wretched star
 10331 | Abyss:3  | Killed a glowing orange brain
 10332 | Abyss:3  | Reached skill level 10 in Armour
 10337 | Abyss:3  | Killed from afar by a wretched star

Illustrated notes

Levels and vault maps discovered:
D:1:      psy_arrival_wood_between_worlds, layout_loops_ring,
          minmay_misc_feat_rows
D:2:      layout_loops_ring, basic_altar, ebering_ecumenical_altar_rust
D:3:      layout_rooms, nicolae_sif_muna_little_library,
          nicolae_tso_carved_into_rock
D:4:      layout_basic, bloody_makhleb, gup_sewer_entry_bowl,
          minmay_mini_ossuary, uniq_pikel, uniq_edmund
D:5:      layout_basic, nicolae_grassy_gnolls, uniq_grinder
D:6:      layout_basic, mainiacjoe_overflow_surrounded_room,
          cheibrodos_ashenzari_chains, minmay_temple_entry_glassed_door,
          grunt_ministairs_14, nicolae_water_bricks, minmay_liquid_box,
          abandoned_shop
D:7:      layout_gridville, nicolae_vehumet_radiance,
          lemuel_mausoleum_altar_yredelemnul, xom_teletrap_fun
D:8:      layout_basic, riverfiend_overflow_shadow_ancestor,
          fedhas_altar_decomposition, trog_wizard, gup_ossuary_entry_pyramid
D:10:     layout_basic, lemuel_doored_altar, david_orc_2, serial_shops,
          nicolae_shop_waterfront
D:11:     layout_long_grid, lair_entry_dummy, serial_rivers,
          chequers_serial_rivers_small_3, chequers_serial_rivers_micro_a,
          chequers_serial_rivers_micro_a, chequers_serial_rivers_micro_c,
          chequers_serial_rivers_marsh, chequers_serial_rivers_large_a,
          minivault_24, nicolae_dithmenos_through_a_glass_darkly
Temple:   hellmonk_temple_flake
Abyss:3:  base: D:6, base: D:1, spicy_abyss_planar_alliance, base: Temple,
          kilobyte_mutagenic_chamber, evilmike_abyss_exit_plants,
          hangedman_grunt_abyss_rune_horror_hoard

Skill      XL: |  1  2  3  4  5  6  7  8  9 10 |
---------------+-------------------------------+-----
Maces & Flails | 4 5 6 7 8 10 12 14 | 14.4
Armour         | 1 2 3 4 5 6 8 10 | 10.0
Fighting       | 4 5 6 7 9 10 | 10.7
Dodging        | |  3.2
Stealth        | |  1.5

Action                   |  1- 3 |  4- 6 |  7- 9 | 10-12 || total
-------------------------+-------+-------+-------+-------++-------
Melee: Mace              |    91 |   111 |       |       ||   202
       Headbutt          |    14 |    25 |    58 |    14 ||   111
       Punch             |     2 |       |     2 |       ||     4
       Flail             |       |    15 |    77 |       ||    92
       Morningstar       |       |       |    35 |       ||    35
       Great mace        |       |       |   185 |    97 ||   282
Invok: Depart the Abyss  |       |       |       |     1 ||     1
       Renounce Religion |       |       |       |     1 ||     1
Evoke: Wand              |       |       |     2 |       ||     2
  Use: Scroll            |       |     8 |    15 |     2 ||    25
       Potion            |       |       |    11 |     2 ||    13
 Stab: Sleeping          |     3 |       |       |       ||     3
       Paralysed         |       |       |     6 |       ||     6
       Invisible         |       |       |     1 |       ||     1
Armor: Robe              |     9 |       |       |       ||     9
       Scale mail        |    28 |    42 |    71 |       ||   141
       Chain mail        |       |       |    52 |       ||    52
       Plate armour      |       |       |       |    65 ||    65
Dodge: Dodged            |    59 |    77 |   171 |    38 ||   345
